 Dungeon Crawl Stone Soup version 0.26-a0-466-g989023bd0d (webtiles) character file.

Game seed: 5809923664957212382

2076 graki42 the Thaumaturge (level 9, -3/48 HPs)
             Began as a Deep Elf Conjurer on Aug 5, 2020.
             Slain by a bullfrog (8 damage)
             ... on level 7 of the Dungeon.
             The game lasted 00:35:21 (8189 turns).

graki42 the Thaumaturge (Deep Elf Conjurer)         Turns: 8189, Time: 00:35:22

Health: -3/48      AC:  5    Str:  7    XL:     9   Next: 6%
Magic:  1/23       EV: 14    Int: 24    God:
Gold:   246        SH:  0    Dex: 13    Spells: 10/24 levels left

rFire    . . .     SeeInvis .   c - +0 dagger
rCold    . . .     Faith    .   (no shield)
rNeg     . . .     Spirit   .   a - +0 robe
rPois    .         Reflect  .   h - +0 helmet
rElec    .         Harm     .   u - +0 cloak
rCorr    .                      j - +0 pair of gloves
MR       .....                  (no boots)
Stlth    ++++......             k - amulet of the acrobat
HPRegen  0.16/turn              m - ring of wizardry
MPRegen  0.18/turn              t - ring of stealth

@: very slightly contaminated, hasted, very quick
A: no striking features
a: no special abilities


You were on level 7 of the Dungeon.
You visited 2 branches of the dungeon, and saw 8 of its levels.

You collected 246 gold pieces.

Inventory:

Hand Weapons
 c - a +0 dagger (weapon)
Missiles
 p - 27 poisoned darts (quivered)
Armour
 a - a +0 robe (worn)
 h - a +0 helmet (worn)
 j - a +0 pair of gloves (worn)
 u - a +0 cloak (worn)
Jewellery
 k - an amulet of the acrobat (around neck)
 m - a ring of wizardry (left hand)
 t - a ring of stealth (right hand)
Scrolls
 g - a scroll of identify
 o - 2 scrolls of teleportation
 q - a scroll of remove curse
 r - 3 scrolls of fear
 w - a scroll of fog {unknown}
Potions
 b - a potion of haste
 d - a potion of mutation
 e - a potion of stabbing
 f - a potion of resistance
 i - a potion of might
 l - a potion of curing
 v - a potion of brilliance
 x - a potion of invisibility {unknown}


   Skills:
 + Level 2.1 Fighting
 + Level 3.0 Short Blades
 + Level 4.3 Dodging
 + Level 5.1 Stealth
 + Level 8.3 Spellcasting
 + Level 7.8 Conjurations
 + Level 7.0 Hexes


You had 10 spell levels left.
You knew the following spells:

 Your Spells              Type           Power        Failure   Level
a - Magic Dart            Conj           ####         1%          1
b - Searing Ray           Conj           #####.       1%          2
c - Dazzling Flash        Conj/Hex       #####.       1%          3
d - Iskenderun's Mystic   Conj/Tloc      ####....     5%          4
e - Fulminant Prism       Conj/Hex       #####.....   1%          4

Your spell library contained the following spells:

 Spells                   Type           Power        Failure   Level


Dungeon Overview and Level Annotations

Branches:
Dungeon (7/15)             Temple (1/1) D:5

Altars:
Ashenzari
Cheibriados
Elyvilon
Fedhas
Hepliaklqana
Kikubaaqudgha
Makhleb
Nemelex Xobeh
Qazlal
Sif Muna
Trog
Uskayaw
Vehumet
Wu Jian
Xom
Yredelemnul
Zin
The Shining One

Annotations:
D:7 Duvessa


Message History

(Press . to maintain the ray.)
The bullfrog hits you. The bullfrog hits you!
Without enough magic to sustain it, your searing ray dissipates.
The bullfrog completely misses you. The bullfrog closely misses you.
The bullfrog completely misses you.
Unknown command.
The bullfrog completely misses you. x2; The bullfrog hits you.
The phantom blinks!
The orc warrior hits you from afar with a +0 trident!
* * * LOW HITPOINT WARNING * * *
The bullfrog hits you.
* * * LOW HITPOINT WARNING * * *
The orc warrior barely misses you.
Unknown command.
The orc warrior completely misses you.
A hound zombie comes into view.
The bullfrog barely misses you.
You feel yourself speed up. The orc warrior barely misses you.
The bullfrog hits you!
You die...

#......
#...... ##
#..<... ..
#####++ .# #
######.#####
#
##..Fo.......
#
#..##F..###.
#.###@#.#
##§###...#
#.....###...
#...#.# #.#
#..†..# .#
#..###..#
#..# .#[#
#..# .W .#
#.... ##.


You could see an orc warrior and 2 bullfrogs.

Vanquished Creatures
  An ice beast (D:5)
  2 sky beasts
  A phantom (D:5)
  2 ogres
  2 centaurs (D:6)
  A bullfrog (D:6)
  A water moccasin skeleton (D:4)
  Dowan (D:7)
  3 scorpions
  A bullfrog zombie (D:7)
  A jelly (D:5)
  A bullfrog skeleton (D:5)
  A gnoll shaman (D:7)
  7 orc priests
  3 hounds
  6 orc wizards
  An iguana (D:4)
  3 worker ants
  A hound zombie (D:5)
  A hound skeleton (D:4)
  2 worker ant zombies
  Robin (D:2)
  11 gnolls
  9 adders
  An ooze (D:2)
  4 worms
  A dart slug (D:5)
  2 leopard geckos
  31 orcs
  2 ball pythons (D:4)
  2 giant cockroaches
  15 goblins
  13 hobgoblins
  6 jackals
  8 kobolds
  5 quokkas
  3 bats
  2 frilled lizards
  A leopard gecko skeleton (D:4)
  6 rats
165 creatures vanquished.

Vanquished Creatures (others)
  9 fulminant prisms
9 creatures vanquished.

Grand Total: 174 creatures vanquished

Notes
Turn   | Place    | Note
-------+----------+-------------------------------------------
     0 | D:1      | graki42 the Deep Elf Conjurer began the quest for the Orb.
     0 | D:1      | Reached XP level 1. HP: 10/10 MP: 6/6
   362 | D:1      | Reached XP level 2. HP: 15/15 MP: 5/8
   366 | D:1      | Learned a level 2 spell: Searing Ray
   653 | D:1      | Reached skill level 4 in Spellcasting
   837 | D:2      | Reached XP level 3. HP: 19/19 MP: 8/10
   842 | D:2      | Learned a level 3 spell: Dazzling Flash
   867 | D:2      | Reached skill level 5 in Conjurations
  1092 | D:2      | Noticed Robin
  1102 | D:2      | Reached skill level 1 in Hexes
  1103 | D:2      | Killed Robin
  1311 | D:2      | Reached XP level 4. HP: 24/24 MP: 2/12
  1671 | D:2      | Found a shimmering altar of Xom.
  1952 | D:2      | Reached skill level 5 in Spellcasting
  2300 | D:3      | Reached XP level 5. HP: 28/28 MP: 11/14
  2820 | D:3      | Noticed a sky beast
  2831 | D:3      | Killed a sky beast
  2831 | D:3      | Reached XP level 6. HP: 11/32 MP: 7/16
  3139 | D:3      | Reached skill level 6 in Spellcasting
  4074 | D:4      | Reached XP level 7. HP: 30/36 MP: 7/18
  4167 | D:4      | Reached skill level 5 in Hexes
  4982 | D:4      | Reached skill level 7 in Spellcasting
  5096 | D:5      | Entered Level 5 of the Dungeon
  5100 | D:5      | Found a staircase to the Ecumenical Temple.
  5126 | Temple   | Entered the Ecumenical Temple
  5374 | D:5      | Reached skill level 1 in Short Blades
  5787 | D:5      | Reached XP level 8. HP: 42/42 MP: 13/21
  6441 | D:5      | Reached skill level 1 in Fighting
  7183 | D:6      | Learned a level 4 spell: Iskenderun's Mystic Blast
  7188 | D:6      | Learned a level 4 spell: Fulminant Prism
  7283 | D:6      | Reached skill level 8 in Spellcasting
  7522 | D:6      | Found a burning altar of Makhleb.
  7813 | D:7      | Reached skill level 5 in Stealth
  8147 | D:7      | Reached XP level 9. HP: 44/48 MP: 14/23
  8151 | D:7      | Noticed Dowan
  8153 | D:7      | Noticed Duvessa
  8156 | D:7      | Killed Dowan
  8189 | D:7      | Slain by a bullfrog

Illustrated notes

Levels and vault maps discovered:
D:1:      wander_arrival_lonely_grave, layout_rooms
D:2:      wander_river, layout_basic, marbit_many_paths, uniq_robin
D:3:      layout_basic, st_stairs_9
D:4:      layout_basic
D:5:      layout_cave_pods, temple_fountains
D:6:      layout_cave_pools, kennysheep_mini, minivault_11
D:7:      layout_basic, gammafunk_temple_overflow_statue, st_stairs_8, hex_tiny,
          minmay_starry_boxes, uniq_duvessa, uniq_menkaure
Temple:   regret_index_temple_sphere_string

Skill      XL: |  1  2  3  4  5  6  7  8  9 |
---------------+----------------------------+-----
Spellcasting   | 4 5 6 7 8 |  8.3
Conjurations   | 5 6 7 |  7.8
Hexes          | 1 2 3 4 6 7 |  7.0
Short Blades   | 1 3 |  3.0
Stealth        | 3 5 |  5.1
Dodging        | 4 |  4.3
Fighting       | 2 |  2.1

Action                   |  1- 3 |  4- 6 |  7- 9 || total
-------------------------+-------+-------+-------++-------
Melee: Dagger            |     4 |    11 |    36 ||    51
Throw: Dart              |       |       |     4 ||     4
 Cast: Magic Dart        |    65 |    95 |   138 ||   298
       Searing Ray       |     2 |    13 |    26 ||    41
       Dazzling Flash    |       |     5 |    14 ||    19
       Fulminant Prism   |       |       |     9 ||     9
       Iskenderun's Myst |       |       |     2 ||     2
  Use: Scroll            |       |       |    10 ||    10
       Potion            |       |       |     6 ||     6
 Stab: Invisible         |       |       |     5 ||     5
       Sleeping          |       |       |     5 ||     5
Armor: Robe              |     1 |     2 |     8 ||    11
Dodge: Dodged            |     4 |    15 |    92 ||   111

Table legend: (Time is in decaauts)
 A = Elapsed time spent in this place.
 B = Non-inter-level travel time spent in this place.
 C = Inter-level travel time spent in this place.
 D = Time resting spent in this place.
 E = Time spent auto-exploring this place.
 F = Levels seen in this place.
 G = Mean time per level.
                   A        B        C        D        E       F      G
               +--------+--------+--------+--------+--------+-----+--------+
         Total |   8201 |   8008 |    193 |   1912 |   4948 |   8 | 1025.1 |
       Dungeon |   7967 |   7796 |    171 |   1912 |   4791 |   7 | 1138.1 |
        Temple |    233 |    211 |     22 |      0 |    157 |   1 |  233.0 |
               +--------+--------+--------+--------+--------+-----+--------+

Top non-repeatable levels by time:
     D:2: 1482 daAuts
     D:4: 1434 daAuts
     D:5: 1425 daAuts
     D:3: 1409 daAuts
     D:6: 1306 daAuts
     D:1: 789 daAuts
  Temple: 233 daAuts
     D:7: 119 daAuts
